[Event "*** SCC Grand Prix: Titled Tuesday Blitz"]
[Site "Chess.com"]
[Date "2020.09.29"]
[Round "7"]
[White "GregShahade"]
[Black "youngKID"]
[Result "0-1"]
[WhiteElo "2632"]
[BlackElo "2779"]
[TimeControl "180+1"]
[EndTime "11:16:22 PDT"]
[Termination "youngKID won by resignation"]

1. e4 c6 2. Nc3 d5 3. Nf3 Bg4 4. h3 Bxf3 5. Qxf3 e6 6. Be2 Bc5 7. Qg3 Bd4 8. d3 Ne7 9. Bd1 Nd7 10. Ne2 Bf6 11. O-O O-O 12. c3 a5 13. Bc2 a4 14. d4 dxe4 15. Bxe4 g6 16. Re1 Bg7 17.
Bg5 Re8 18. Rad1 Nf6 19. Bb1 Qb6 20. Bc1 Red8 21. Nf4 Ned5 22. a3 Nxf4 23. Qxf4 Nd5 24. Qf3 Rd7 25. Bc2 Qa5 26. Bd2 Qa6 27. h4 h5 28. Bg5 Qb6 29. Bc1 Ne7 30. Rd2 Qa5 31.
Rde2 Rad8 32. Bg5 Rc8 33. g4 hxg4 34. Qxg4 Kf8 35. h5 gxh5 36. Qxh5 Rd5 37. Re5 Bxe5 38. dxe5 Ke8 39. Qh8+ Kd7 40. Qf6 Re8 41. Be4 Rxe5 42.
Rd1+ Kc8 43. Qxf7 Rxg5+ 44. Kf1 Rd8 45. Qxe6+ Kb8 46. Re1 Re5 47. Qf6 Qb5+ 0-1

[Event "*** SCC Grand Prix: Titled Tuesday Blitz"]
[Site "Chess.com"]
[Date "2020.09.29"]
[Round "7"]
[White "venus02"]
[Black "azikom"]
[Result "0-1"]
[WhiteElo "2463"]
[BlackElo "2641"]
[TimeControl "180+1"]
[EndTime "11:16:22 PDT"]
[Termination "azikom won by resignation"]

1. d4 d5 2. c4 e6 3. Nc3 Be7 4. Nf3 Nf6 5. Bf4 O-O 6. e3 Nbd7 7. Rc1 c6 8. h3 Ne4 9. Nxe4 dxe4 10. Nd2 f5 11. c5 Nf6 12. Nc4 Nd5 13. Be5 b5 14. Nd6 Bd7 15. Qd2 Bf6 16. g3 Bxe5 17. dxe5 Qe7 18. h4 Be8 19. Be2 g6 20. Qd4 a5 21.
Qd1 a4 22. Qd4 Qg7 23. Kd2 Ra7 24. Rcg1 Qc7 25. Kc1 a3 26. b3 Qa5 27. Kc2 Rg7 28.
Rd1 Bd7 29. Qd2 Qa7 30. Qd4 h5 31. Kb1 Qa5 32. Qd2 b4 33. Rc1 Nc3+ 34. Rxc3 bxc3 35. Qd4 Bc8 36. Rc1 Ba6 37. Bc4 Bxc4 38. Qxc4 Re7 39.
Rxc3 Rb8 40. Rc1 Kg7 41. Rd1 Rb4 42. Qc2 Ra7 43. Ne8+ Kf7 44. Nf6 Rab7 45. Ka1 R4b5 46. Qc4 Rxc5 47. Qd4 Qc3+ 48. Qxc3 Rxc3 49. Kb1 Rd3 50.
Rxd3 exd3 51. Kc1 Rxb3 52. axb3 a2 0-1

[Event "*** SCC Grand Prix: Titled Tuesday Blitz"]
[Site "Chess.com"]
[Date "2020.09.29"]
[Round "7"]
[White "UCantHandleDenker"]
[Black "lider34"]
[Result "1-0"]
[WhiteElo "2566"]
[BlackElo "2399"]
[TimeControl "180+1"]
[EndTime "11:16:22 PDT"]
[Termination "UCantHandleDenker won by checkmate"]

1. Nf3 g6 2. g3 Bg7 3. Bg2 c5 4. O-O Nc6 5. c4 d6 6. Nc3 e5 7. d3 Nge7 8. a3 O-O 9. Rb1 a5 10. Bg5 h6 11. Bxe7 Qxe7 12. Ne1 Be6 13. Nc2 Qd7 14.
b4 axb4 15. axb4 cxb4 16. Nxb4 Nxb4 17. Rxb4 Rfb8 18. Qb3 Qc7 19. Rxb7 Rxb7 20. Qxb7 Qxb7 21. Bxb7 Rb8 22. Bf3 Rb3 23. Ne4 Bf8 24. Ra1 Kg7 25. Kg2 f5 26. Ra7+ Bf7 27. Nxd6 Bxd6 28. Bd5 g5 29.
Rxf7+ Kg6 30. Rd7 Bc5 31. Rc7 Bd4 32. e3 Bb2 33. Rb7 Rxb7 34. Bxb7 Ba3 35. d4 exd4 36. exd4 Bb2 37. d5 Ba3 38. Kf3 Bc5 39. Ke2 h5 40. f3 g4 41. Bc8 Bd6 42. Kf2 Bc5+ 43. Kg2 Bd6 44. f4 Bc5 45. h3 Bd6 46. hxg4 hxg4 47. Kf1 Bc5 48. Ke2 Bd6 49. Kd3 Bc5 50. Be6 Kf6 51.
Bc8 Kg6 52. d6 Bxd6 53. Kd4 Bb4 54. c5 Be1 55. c6 Bxg3 56. Ke5 Bf2 57. Bxf5+ Kh5 58.
c7 g3 59. c8=Q g2 60. Qh8# 1-0

[Event "*** SCC Grand Prix: Titled Tuesday Blitz"]
[Site "Chess.com"]
[Date "2020.09.29"]
[Round "7"]
[White "Loy_Konstantin"]
[Black "szefru"]
[Result "1-0"]
[WhiteElo "2374"]
[BlackElo "2163"]
[TimeControl "180+1"]
[EndTime "11:16:22 PDT"]
[Termination "Loy_Konstantin won by resignation"]

1. e4 Nf6 2. e5 Nd5 3. d4 d6 4. Nf3 g6 5. Bc4 c6 6. exd6 Qxd6 7.
O-O Bg7 8. h3 O-O 9. Nbd2 Nd7 10. c3 N7f6 11. Re1 h6 12. Ne5 Be6 13. Ndf3 b5 14. Bb3 a5 15. Qe2 a4 16. Bc2 Bf5 17.
Bxf5 gxf5 18. a3 e6 19. Nd3 Ne4 20. Nfe5 Kh8 21. f3 Ng5 22. Nc5 Bxe5 23. Qxe5+ Qxe5 24. Rxe5 Rad8 25. Re1 Kg7 26. Kf2 Kf6 27. Nd3 Nb6 28. Ne5 Rc8 29. h4 Nh7 30. Bxh6 Rfe8 31. Rad1 Nd5 32. Bc1 f4 33. Re4 Kg7 34. Nd3 f5 35. Re2 Kf6 36. Bxf4 Nxf4 37. Nxf4 Nf8 38. Rde1 Rc7 39.
g4 fxg4 40. fxg4 Rg7 41. Kf3 Kf7 42. g5 Ng6 43. Nxg6 Rxg6 44. Kg4 Ke7 45. h5 Rg7 46. Rxe6+ 1-0

[Event "*** SCC Grand Prix: Titled Tuesday Blitz"]
[Site "Chess.com"]
[Date "2020.09.29"]
[Round "7"]
[White "Martins-BR"]
[Black "Snowflake"]
[Result "0-1"]
[WhiteElo "2295"]
[BlackElo "2479"]
[TimeControl "180+1"]
[EndTime "11:16:23 PDT"]
[Termination "Snowflake won on time"]

1. e4 e6 2. d4 d5 3. Nc3 Nf6 4. exd5 Nxd5 5. Nxd5 Qxd5 6. Nf3 Be7 7. Be3 O-O 8. Bd3 b6 9. c4 Qd8 10. Qc2 h6 11.
Be4 c6 12. Ne5 Bb7 13. O-O Bf6 14. f4 Qc7 15. Rad1 c5 16. Bxb7 Qxb7 17. d5 exd5 18. cxd5 Nd7 19. Qf5 Rad8 20. d6 Rfe8 21. Ng4 Bxb2 22.
Rfe1 Nf6 23. Ne5 Qe4 24. Qxe4 Nxe4 25. d7 Rf8 26. Nc6 Nf6 27. Nxd8 Rxd8 28. Bf2 Rxd7 29. Rxd7 Nxd7 30. Re7 Nf6 31. Rxa7 Nd5 32. Rb7 c4 33. Bxb6 c3 34. Bd4 Nxf4 35. Kf1 Ne6 36. Be5 f6 37.
Rxb2 cxb2 38. Bxb2 Kf7 39. Ke2 Kg6 40. Kf3 Kf5 41. a4 Nc5 42. a5 h5 43. Bd4 Na6 44. Bb6 Nb4 45. h3 Na6 46. g4+ hxg4+ 47. hxg4+ Kg5 48. Be3+ Kg6 49. Ke4 Kf7 50. Kd5 Nb4+ 51. Kd6 Na6 52. Kc6 Ke6 53. Kb5 Nb8 0-1

[Event "*** SCC Grand Prix: Titled Tuesday Blitz"]
[Site "Chess.com"]
[Date "2020.09.29"]
[Round "7"]
[White "ljuks68"]
[Black "Shivagami"]
[Result "0-1"]
[WhiteElo "2340"]
[BlackElo "2225"]
[TimeControl "180+1"]
[EndTime "11:16:23 PDT"]
[Termination "Shivagami won on time"]

1. e4 Nc6 2. Nf3 d6 3. d4 Nf6 4.
Nc3 Bg4 5. Be3 e5 6. Bb5 a6 7.
Bxc6+ bxc6 8. dxe5 Bxf3 9. Qxf3 dxe5 10. Qf5 Qe7 11. Bg5 h6 12. Bxf6 Qxf6 13. Qxf6 gxf6 14. O-O-O Bc5 15. Rd2 Ke7 16. Rhd1 Rhd8 17. Na4 Ba7 18. c3 Rd6 19. c4 Bd4 20. c5 Rd7 21. Kc2 Rad8 22.
f3 Ke6 23. Kb3 Rb8+ 24. Kc4 Rb5 25. Rd3 Rd8 26. Rb3 Rdb8 27. Rdd3 a5 28. a3 f5 29. g3 Kf6 30. h4 h5 31. exf5 Kxf5 32. g4+ hxg4 33.
fxg4+ Kxg4 34. h5 Kxh5 35. Rh3+ Kg5 36. Rbg3+ Kf5 37. Rg2 Ke6 38. Rh6+ f6 39. Rgg6 Rf8 40. Rg7 Rf7 41. Rhh7 Rxg7 42. Rxg7 Rb7 43. Rg8 f5 44. Rg6+ Kf7 45. Rxc6 f4 46. Rh6 f3 0-1

[Event "*** SCC Grand Prix: Titled Tuesday Blitz"]
[Site "Chess.com"]
[Date "2020.09.29"]
[Round "7"]
[White "moventog"]
[Black "mapleaff"]
[Result "0-1"]
[WhiteElo "2234"]
[BlackElo "2368"]
[TimeControl "180+1"]
[EndTime "11:16:24 PDT"]
[Termination "mapleaff won on time"]

1. d4 Nf6 2. Nc3 d5 3. Bf4 Bf5 4. Qd2 c6 5. f3 e6 6. e3 h5 7.
Nge2 Nbd7 8. h4 Bb4 9. a3 Ba5 10. Nc1 b5 11. Nd3 Bb6 12. Ne2 a5 13. Bg5 Bc7 14.
Nef4 Qb8 15. Kf2 Nh7 16. Nh3 Nxg5 17. hxg5 Bg3+ 18. Kg1 Nb6 19. Nc5 Nc4 20. Qc1 b4 21. a4 O-O 22. b3 Nb6 23. Bd3 g6 24. Qd2 Re8 25. f4 Nc8 26. Nf2 Bxf2+ 27. Qxf2 Nd6 28.
Kh2 Nb7 29. Nd7 Qc7 30. Nf6+ Kg7 31. Nxe8+ Rxe8 32. Rhe1 Nd6 33. Rac1 Ne4 34. Bxe4 Bxe4 35. c3 bxc3 36. Rxc3 Qb7 37. Rec1 Rc8 38. Qd2 Qb4 39. Qe1 Qd6 40. Qd1 h4 41. Rc5 f6 42.
Qd2 fxg5 43. Kg1 h3 44. g3 h2+ 45. Qxh2 Rh8 46. Qxh8+ Kxh8 47. Rxc6 Qb4 0-1

[Event "*** SCC Grand Prix: Titled Tuesday Blitz"]
[Site "Chess.com"]
[Date "2020.09.29"]
[Round "7"]
[White "Egorov_Pavel"]
[Black "tk22h"]
[Result "1/2-1/2"]
[WhiteElo "2443"]
[BlackElo "2317"]
[TimeControl "180+1"]
[EndTime "11:16:25 PDT"]
[Termination "Game drawn by repetition"]

1. d4 Nf6 2. c4 g6 3. Nc3 d5 4.
Nf3 Bg7 5. Bg5 dxc4 6. e4 c5 7.
d5 b5 8. d6 b4 9. dxe7 Qxe7 10.
e5 bxc3 11. Be2 cxb2 12. Rb1 h6 13. Bxf6 Bxf6 14. exf6 Qxf6 15. O-O O-O 16. Qd5 c3 17. Qxa8 Bf5 18. Rbe1 c2 19. Nd2 Nc6 20. Qb7 Rb8 21. Qa6 b1=Q 22. Nxb1 cxb1=Q 23. Rxb1 Rxb1 24. Rxb1 Bxb1 25. Bf3 Kg7 26. Bxc6 Bxa2 27. Qxa2 Qxc6 28. Qxa7 c4 29.
Qd4+ Kh7 30. Qc3 Qd5 31. h3 h5 32. Qf6 Kg8 33. Kh2 Qd3 34. f4 c3 35. f5 gxf5 36.
Qg5+ Kf8 37. Qh6+ Ke7 38. Qg5+ Ke6 39. Qh6+ f6 40. Qxh5 c2 41. Qe8+ Kd5 42. Qd7+ Ke4 43. Qc6+ Ke3 44. Qf3+ Kd2 45. Qf2+ Qe2 46. Qd4+ Ke1 47.
Qg1+ Kd2 48. Qd4+ Ke1 49. Qg1+ Kd2 50. Qd4+ 1/2-1/2

[Event "*** SCC Grand Prix: Titled Tuesday Blitz"]
[Site "Chess.com"]
[Date "2020.09.29"]
[Round "7"]
[White "Legendinunknown"]
[Black "Grieve72"]
[Result "1-0"]
[WhiteElo "2652"]
[BlackElo "2473"]
[TimeControl "180+1"]
[EndTime "11:16:26 PDT"]
[Termination "Legendinunknown won on time"]

1. d4 f5 2. c4 Nf6 3. g3 g6 4. Bg2 Bg7 5. Nc3 d6 6. Nf3 O-O 7. O-O c6 8. d5 e5 9. e4 f4 10. c5 fxg3 11. fxg3 dxc5 12. Nxe5 Re8 13. Nc4 cxd5 14. exd5 Bg4 15. Qb3 Qd7 16. Bf4 Na6 17.
Ne5 Qc8 18. d6+ Be6 19. Nd5 Nb4 20. Nxf6+ Bxf6 21. Qd1 Bxe5 22. Bxe5 Nc6 23. Bc3 Qd7 24. Qd2 Rad8 25. Rad1 Bxa2 26. Bd5+ Bxd5 27. Qxd5+ Qe6 28. Qxc5 Qe3+ 29. Qxe3 Rxe3 30. Rf6 Rd7 31.
Kf2 Re8 32. Rd5 Nd8 33. h4 Nf7 34. g4 Red8 35. Bb4 Rc8 36. Kg3 Rc4 37. Ba3 Nh6 38. Rf4 Rxf4 39. Kxf4 Kf7 40. Re5 Ng8 41. g5 b6 42. Re4 Kf8 43. Ke5 Kf7 44. Kd5 Rd8 45. Kc6 Re8 46. Rxe8 Kxe8 47. Kc7 1-0

[Event "*** SCC Grand Prix: Titled Tuesday Blitz"]
[Site "Chess.com"]
[Date "2020.09.29"]
[Round "7"]
[White "GM_LOADING"]
[Black "Arjun2002"]
[Result "1-0"]
[WhiteElo "2523"]
[BlackElo "2674"]
[TimeControl "180+1"]
[EndTime "11:16:27 PDT"]
[Termination "GM_LOADING won by resignation"]

1. e4 c5 2. Nf3 Nc6 3. d4 cxd4 4. Nxd4 Nf6 5. Nc3 h5 6. h3 e5 7. Ndb5 d6 8. Bg5 a6 9. Na3 Be6 10. Nc4 Rc8 11. Ne3 Nd4 12. Bd3 Be7 13. O-O b5 14. Bxf6 Bxf6 15. a4 b4 16. Ncd5 a5 17. c3 bxc3 18.
bxc3 Nc6 19. Bb5 Bg5 20. Nc4 O-O 21. Ncb6 g6 22. Nxc8 Qxc8 23. Qd3 Ne7 24. Bc4 Nxd5 25. Bxd5 Bd7 26. Qg3 Qd8 27. h4 Bxh4 28. Qxg6+ Kh8 29. Qh6+ Kg8 30. Qxd6 Bf6 31. Rad1 Kg7 32. Bc6 Bxc6 33. Qxc6 Qb8 34. Rd6 Be7 35. Rd3 Rc8 36. Rg3+ Kf8 37.
Qh6+ Ke8 38. Rg8+ Kd7 39. Rd1+ Kc7 40. Rxc8+ Qxc8 41. Qg7 Qe6 42. Rd5 Bd6 43. c4 Qe8 44.
c5 Bf8 45. Qxe5+ Qxe5 46. Rxe5 Kc6 47. Rxh5 Bxc5 48. Rf5 Kd6 49. Rxf7 Ke6 50. Rf5 Bb4 51. g4 1-0

[Event "*** SCC Grand Prix: Titled Tuesday Blitz"]
[Site "Chess.com"]
[Date "2020.09.29"]
[Round "7"]
[White "Playgood28"]
[Black "mortngabriel"]
[Result "0-1"]
[WhiteElo "2327"]
[BlackElo "2461"]
[TimeControl "180+1"]
[EndTime "11:16:27 PDT"]
[Termination "mortngabriel won by resignation"]

1. d4 Nf6 2. c4 c5 3. d5 b5 4. Qc2 g6 5. e4 d6 6. Nf3 Bg7 7. h3 O-O 8. Nc3 b4 9. Nd1 e6 10. Bd3 exd5 11. exd5 Re8+ 12. Ne3 Nbd7 13. O-O Nh5 14. Ng4 f5 15. Nh6+ Bxh6 16. Bxh6 Ne5 17. Be2 Nf6 18. Bg5 Kg7 19. Qd2 Ne4 20. Bh6+ Kg8 21.
Qf4 a5 22. Rfe1 Ba6 23. b3 a4 24. Bf1 Qf6 25. Ng5 Nxg5 26. Qxg5 Qxg5 27. Bxg5 Kg7 28. Bf4 Nf7 29. h4 Bb7 30. Rxe8 Rxe8 31. Bd2 Ra8 32. Re1 axb3 33. axb3 Kf6 34. Re6+ Kg7 35. Re7 Bc8 36. Bf4 Kf6 37. Rc7 h6 38. f3 g5 39.
hxg5+ hxg5 40. Rxf7+ Kxf7 41. Bxd6 Ra3 42. Bxc5 Rxb3 43.
Bd4 Rb1 44. c5 Ba6 45. c6 Rxf1+ 46. Kh2 Rd1 0-1

[Event "*** SCC Grand Prix: Titled Tuesday Blitz"]
[Site "Chess.com"]
[Date "2020.09.29"]
[Round "7"]
[White "Parhamov"]
[Black "Alexander_Moskalenko"]
[Result "1/2-1/2"]
[WhiteElo "2962"]
[BlackElo "2840"]
[TimeControl "180+1"]
[EndTime "11:16:29 PDT"]
[Termination "Game drawn by agreement"]

1. e4 c6 2. d4 d5 3. Nc3 dxe4 4. Nxe4 Nd7 5. Bc4 Ngf6 6. Ng5 e6 7. N1f3 h6 8. Nh3 g5 9. Nd2 Nb6 10. c3 Nxc4 11. Nxc4 c5 12. O-O cxd4 13. cxd4 Be7 14. Ne5 Qd5 15. f4 g4 16. Nxg4 Nxg4 17. Qxg4 Qxd4+ 18. Kh1 Bd7 19. Rd1 Qe4 20. Nf2 Qf5 21. Qxf5 exf5 22. Nd3 O-O-O 23. Be3 Kb8 24. Rac1 Be6 25. a3 h5 26. h3 h4 27. Kh2 Rhg8 28.
Ne5 Ka8 29. b4 Bf6 30. Rxd8+ Rxd8 31. Bf2 a6 32. Kg1 Kb8 33. Re1 Rd2 34. Bb6 Bxe5 35.
Rxe5 Kc8 36. Bf2 Kd7 37. a4 f6 38. Ra5 Bd5 39. Rc5 Be4 40. a5 Rd1+ 41. Kh2 Rd2 42.
Kg1 Ke6 43. Rc8 Rd1+ 44. Kh2 Rd2 45. Kg1 Rb2 46. Rf8 Rb1+ 47. Kh2 Rb2 48. Rxf6+ Kxf6 49. Bd4+ Kg6 50. Bxb2 Kh5 51. Bf6 Bc6 52. Kg1 Be4 53. Kf2 Bd5 54. g3 hxg3+ 55. Kxg3 Bc4 56. Kf2 Bd5 57. Ke3 Be4 58. Kd4 Kg6 59. Ke5 Kh5 60. h4 Bb1 61. Bg5 Be4 62. Kd6 Bf3 63. Kc7 Be4 64. Kb6 Bf3 65. b5 axb5 66. Kxb5 Be4 67.
Kc5 Bf3 68. Kd6 Bh1 69. Kc7 Be4 70. Kb6 Kg6 71. a6 bxa6 72. Kxa6 Kh5 1/2-1/2

[Event "*** SCC Grand Prix: Titled Tuesday Blitz"]
[Site "Chess.com"]
[Date "2020.09.29"]
[Round "7"]
[White "ferdipy"]
[Black "SergioGarciaFuentes"]
[Result "0-1"]
[WhiteElo "2343"]
[BlackElo "2193"]
[TimeControl "180+1"]
[EndTime "11:16:29 PDT"]
[Termination "SergioGarciaFuentes won by checkmate"]

1. e4 e5 2. Nf3 Nf6 3. Nc3 Bb4 4. Bc4 Bxc3 5. dxc3 d6 6. Bg5 h6 7. Bh4 Be6 8. Bxe6 fxe6 9. Qe2 Nbd7 10. O-O-O g5 11. Bg3 Qe7 12. h3 O-O-O 13. Qb5 Nxe4 14. Qa4 Nxg3 15.
fxg3 Kb8 16. g4 Rhf8 17. Qe4 Rf4 18. Qg6 Qf6 19. Qh5 e4 20. Nd4 Rf2 21. Rhg1 Rf8 22. Rge1 d5 23. h4 Rxg2 24. hxg5 hxg5 25. Qh7 Ne5 26.
b3 Rh8 27. Rf1 Nf3 28. Qd7 a6 29. Nxe6 Qxc3 30. Qxc7+ Qxc7 31. Nxc7 Kxc7 32. Rxd5 Rhh2 33. Rc5+ Kb6 34. b4 Nd4 35. Kb1 Rxc2 36. Rxc2 Nxc2 37. b5 e3 38. bxa6 bxa6 39. Rc1 Na3+ 40. Ka1 Rd2 41. Rf1 e2 42. Rf6+ Ka5 43. Rxa6+ Kb5 44. Rb6+ Kc5 45. Rc6+ Kb4 46. Rb6+ Nb5 47. a3+ Kc5 48.
Re6 Rd1+ 49. Kb2 e1=Q 50. Rxe1 Rxe1 51. a4 Rg1 52. Kc2 Nc7 53. Kd2 Kb6 54. a5+ Kxa5 55. Ke3 Rxg4 56. Kf3 Rf4+ 57. Kg3 Ne6 58. Kg2 Kb6 59. Kg3 Kc6 60. Kg2 Kd6 61. Kg3 Ke5 62.
Kg2 Kf5 63. Kg3 g4 64. Kg2 Ng5 65. Kg3 Rf3+ 66. Kg2 Ne4 67. Kg1 Rf2 68. Kh1 Kf4 69. Kg1 Kg3 70. Kh1 Rf1# 0-1

[Event "*** SCC Grand Prix: Titled Tuesday Blitz"]
[Site "Chess.com"]
[Date "2020.09.29"]
[Round "7"]
[White "JiiHart"]
[Black "The_Machine04"]
[Result "0-1"]
[WhiteElo "2070"]
[BlackElo "2282"]
[TimeControl "180+1"]
[EndTime "11:16:31 PDT"]
[Termination "The_Machine04 won on time"]

1. e4 d6 2. d4 Nf6 3. Nc3 e5 4. Nf3 Nbd7 5. dxe5 dxe5 6. Bc4 Be7 7. Bxf7+ Kxf7 8. Ng5+ Kg6 9. Ne6 Qg8 10. Nxc7 Rb8 11.
h4 h5 12. N7d5 Nxd5 13. Nxd5 Bf6 14. Rh3 Qe6 15. Rg3+ Kf7 16. Qf3 Nb6 17. Ne3 g6 18. Bd2 Nc4 19. Nxc4 Qxc4 20. Bg5 Qc6 21. O-O-O Bg4 22.
Qxf6+ Qxf6 23. Bxf6 Kxf6 24. Rd6+ Be6 25. Rgd3 Ke7 26. f3 Rhd8 27. Rxd8 Rxd8 28. Rxd8 Kxd8 29. a3 Kc7 30. Kd2 Kd6 31. Ke3 Kc5 32. g3 a5 33.
b3 b5 34. f4 Kd6 35. b4 a4 36. c3 Bc4 37. Kf3 Ke6 38. Ke3 Kf6 39.
Kf3 Bb3 40. Ke3 Bd1 41. Kd2 Bf3 42. Ke3 Bh1 43. Kd3 Ke6 44. Ke3 exf4+ 45. gxf4 g5 46. fxg5 Ke5 47. g6 Bxe4 48. g7 Bd5 0-1

[Event "*** SCC Grand Prix: Titled Tuesday Blitz"]
[Site "Chess.com"]
[Date "2020.09.29"]
[Round "7"]
[White "SanchezKelvin"]
[Black "SilviusTiberius"]
[Result "0-1"]
[WhiteElo "2405"]
[BlackElo "2638"]
[TimeControl "180+1"]
[EndTime "11:16:33 PDT"]
[Termination "SilviusTiberius won on time"]

1. d4 Nf6 2. c4 g6 3. Nc3 Bg7 4.
Nf3 d6 5. e4 O-O 6. Be2 e5 7. O-O Na6 8. d5 Nc5 9. Qc2 a5 10. Bg5 h6 11. Be3 Ng4 12. Bxc5 dxc5 13.
Nd2 Nf6 14. Rad1 Ne8 15. Bd3 Nd6 16. f3 h5 17. Rfe1 Bh6 18. Nf1 h4 19. Qf2 b6 20.
b3 Kg7 21. Ne2 Qg5 22. Kh1 a4 23. Nc3 axb3 24. axb3 Bd7 25. Ra1 Qe7 26. Qb2 Bf4 27. Ne2 Bh6 28. Ng1 f6 29. Rxa8 Rxa8 30. Ra1 Qd8 31. Ra3 Rxa3 32. Qxa3 f5 33. Qa1 Qe7 34. Qe1 fxe4 35. Bxe4 g5 36. Bd3 g4 37. fxg4 Bxg4 38.
Ne3 Bd7 39. Qe2 e4 40. Ng4 Qg5 41. Nxh6 exd3 42. Qb2+ Kxh6 43. Nf3 Qg7 44. Qd2+ Kh5 45. Qxd3 Bf5 46. Qe2 Bg4 47. h3 Bxf3 48. Qxf3+ Kh6 49. Qf4+ Qg5 50. Qf8+ Kg6 51. Qg8+ Kf5 52. Qe6+ Kf4 53. Kg1 Ne4 54. Qf7+ Qf5 55. Qxc7+ Ke3 56. d6 Ng3 57. Qe7+ Kd2 0-1

[Event "*** SCC Grand Prix: Titled Tuesday Blitz"]
[Site "Chess.com"]
[Date "2020.09.29"]
[Round "7"]
[White "anasta10"]
[Black "giantslayer83"]
[Result "0-1"]
[WhiteElo "2510"]
[BlackElo "2702"]
[TimeControl "180+1"]
[EndTime "11:16:33 PDT"]
[Termination "giantslayer83 won on time"]

1. d4 Nf6 2. c4 e6 3. Nc3 Bb4 4. Bd2 d5 5. Nf3 O-O 6. e3 b6 7. cxd5 exd5 8. Bd3 Bb7 9. O-O Bd6 10. Ne5 c5 11. f4 Nc6 12. Qa4 cxd4 13. Nxc6 Bxc6 14. Qxc6 dxc3 15. Bxc3 Rc8 16. Qa4 Bc5 17.
Rae1 Ng4 18. Bd4 Qe8 19. Qxe8 Rfxe8 20. Bxc5 Rxc5 21. e4 dxe4 22. Bxe4 g6 23. Bf3 Nf6 24. Rxe8+ Nxe8 25. Re1 Kf8 26. Kf2 Nd6 27. Re2 h5 28. g3 Nf5 29. Rd2 Ke7 30. h3 h4 31. g4 Nd6 32. Ke3 f6 33. Re2 g5 34. Kd4+ Kd7 35.
fxg5 fxg5 36. Re5 Nb5+ 37. Ke4 Nd6+ 38. Kd4 Rc4+ 39. Kd3 Rf4 40. Be2 Nf7 41. Re4 Rf2 42. Ke3 Rh2 43. Bf3 Rxh3 44. Kf2 Rh2+ 45. Kg1 Rxb2 46.
a4 Kd6 47. Rd4+ Ke7 48. Rd5 Ke6 49. Rd4 Ne5 50. Bd5+ Ke7 51. Bg2 a5 52. Bd5 Rb4 53. Rd2 Rxg4+ 0-1

[Event "*** SCC Grand Prix: Titled Tuesday Blitz"]
[Site "Chess.com"]
[Date "2020.09.29"]
[Round "7"]
[White "dopolian"]
[Black "dosto07"]
[Result "1-0"]
[WhiteElo "2434"]
[BlackElo "2294"]
[TimeControl "180+1"]
[EndTime "11:16:33 PDT"]
[Termination "dopolian won by resignation"]

1. e4 e5 2. Nf3 Nc6 3. Bb5 a6 4. Bxc6 dxc6 5. O-O Bd6 6. d4 exd4 7. Qxd4 f6 8. e5 fxe5 9. Nxe5 Qf6 10. Re1 Ne7 11. Nf3 Qxd4 12. Nxd4 O-O 13. Bg5 Nf5 14. Nf3 Bd7 15. Nc3 Rae8 16. Ne4 h6 17. Nxd6 cxd6 18. Bf4 g5 19. Bg3 Nxg3 20. hxg3 Rxe1+ 21. Rxe1 Re8 22. Rxe8+ Bxe8 23. Nd4 Bf7 24. Nf5 Bxa2 25. Nxd6 b6 26. Nc8 Kf7 27. Nxb6 Ke6 28. Kf1 Bb1 29. c3 Kd6 30. Nc4+ Kc5 31. Ne3 Bg6 32. Ke2 a5 33. f4 gxf4 34. gxf4 Be4 35. g4 a4 36. f5 Kd6 37. Nc4+ Ke7 38. Ke3 Bc2 39. Kf4 Kf6 40. Ne5 c5 41. Nd7+ Ke7 42. Nxc5 Bd1 43. Ne4 Kf7 44.
g5 hxg5+ 45. Nxg5+ Ke7 46. Ne4 Kf7 47. Ke5 Bc2 48. f6 Bb1 49. Nd6+ Kf8 50. Kd5 Ba2+ 51. Kc5 Bb1 52. Kb4 Bc2 53. c4 Bd3 54. c5 1-0

[Event "*** SCC Grand Prix: Titled Tuesday Blitz"]
[Site "Chess.com"]
[Date "2020.09.29"]
[Round "7"]
[White "seorobert1971"]
[Black "FairChess_on_YouTube"]
[Result "0-1"]
[WhiteElo "2715"]
[BlackElo "2932"]
[TimeControl "180+1"]
[EndTime "11:16:34 PDT"]
[Termination "FairChess_on_YouTube won by resignation"]

1. c4 Nf6 2. Nc3 c5 3. Nf3 b6 4. d4 cxd4 5. Nxd4 Bb7 6. f3 e6 7. e4 d6 8. Be3 Be7 9. Be2 O-O 10. O-O Nbd7 11. Rc1 a6 12. Qd2 Rc8 13. Rfd1 Qc7 14.
Bf1 Qb8 15. b3 Bd8 16. Kh1 Bc7 17. Bg1 Rfd8 18. Qe1 Nf8 19. Nde2 Ng6 20. Rd3 h5 21. Rdd1 Ba8 22. a4 Bb7 23. Rb1 h4 24. h3 d5 25.
cxd5 exd5 26. exd5 Bxd5 27. Nxd5 Nxd5 28. Rbc1 a5 29.
Nd4 Bg3 30. Rxc8 Rxc8 31. Qd2 Bf4 32. Qd3 Nf6 33. Ne2 Nh5 34. Qd4 Rc2 35. Qd8+ Qxd8 36. Rxd8+ Kh7 37. Bf2 Rb2 38. Rd3 Rb1 39. Kg1 Bg3 40.
Bxb6 Ngf4 41. Nxf4 Nxf4 42. Rd2 Be1 43. Rd4 g5 44. Re4 Bb4 45. Be3 f5 46. Re8 Ne2+ 47.
Kf2 Ng3 48. Bxg5 Rxf1+ 49. Ke3 Re1+ 0-1

[Event "*** SCC Grand Prix: Titled Tuesday Blitz"]
[Site "Chess.com"]
[Date "2020.09.29"]
[Round "7"]
[White "AsaHoffmann"]
[Black "LionTheLeon_06"]
[Result "0-1"]
[WhiteElo "2402"]
[BlackElo "2604"]
[TimeControl "180+1"]
[EndTime "11:16:34 PDT"]
[Termination "LionTheLeon_06 won by resignation"]

1. d4 Nf6 2. Bg5 c5 3. d5 Ne4 4. Bc1 e6 5. Nc3 Nxc3 6. bxc3 g6 7. c4 Bg7 8. Rb1 d6 9. Nf3 O-O 10. Bd2 Re8 11. e3 Nd7 12. Be2 Nb6 13. Ba5 Qd7 14.
O-O Qa4 15. Bxb6 axb6 16. Rxb6 Ra6 17. Rxa6 Qxa6 18. Qb1 exd5 19. Nd2 d4 20. e4 Bd7 21. Bd3 Ra8 22. Nf3 Bc6 23. h4 Qxa2 24. Qb6 Qa5 25. Qb3 Qc3 26. Qb6 Qa5 27. Qb3 h5 28. Ng5 Bf6 29. f4 Re8 30. Kh2 Qd2 31. Qb6 Bd8 32.
Qa7 Bc7 33. Qa1 Bd8 34. Qd1 Qxd1 35. Rxd1 Bxg5 36. hxg5 Bxe4 37. Bxe4 Rxe4 38. Rb1 Re7 39. Kg3 Kf8 40. f5 gxf5 41. Kf4 Ke8 42. Kxf5 Re2 43. Rxb7 Rxc2 44. Rb8+ Ke7 45. Rb7+ Kf8 46. Rb8+ Kg7 47. Rd8 Rf2+ 48. Ke4 Rxg2 49. Rxd6 Rxg5 50. Kf4 f6 51.
Rd7+ Kg6 52. Rd8 Rg4+ 53. Kf3 Rg5 0-1

[Event "*** SCC Grand Prix: Titled Tuesday Blitz"]
[Site "Chess.com"]
[Date "2020.09.29"]
[Round "7"]
[White "Fischerev7"]
[Black "Djager97"]
[Result "1/2-1/2"]
[WhiteElo "2364"]
[BlackElo "2471"]
[TimeControl "180+1"]
[EndTime "11:16:34 PDT"]
[Termination "Game drawn by repetition"]

1. e4 e5 2. Nf3 Nc6 3. Bb5 a6 4.
Ba4 Nf6 5. O-O Be7 6. d3 b5 7. Bb3 d6 8. a4 b4 9. Re1 O-O 10.
Nbd2 Na5 11. Ba2 c5 12. Nc4 Nxc4 13. Bxc4 Be6 14. b3 Nd7 15. h3 Nb8 16. Be3 Nc6 17.
Nh2 Qd7 18. f4 exf4 19. Bxf4 Bf6 20. Rb1 Bd4+ 21. Kh1 Ne5 22. Nf3 Bc3 23. Rf1 h6 24.
Nxe5 Bxe5 25. Bxe5 dxe5 26. Bxe6 Qxe6 27. Rf5 g6 28.
Rf3 Kg7 29. Qe2 f5 30. exf5 Rxf5 31. Rxf5 gxf5 32. Re1 Re8 33. Qe3 Qd5 34. Kh2 Kh7 35. Qf2 e4 36. dxe4 Rxe4 37. Rxe4 fxe4 38. Qf4 Kg7 39.
Kg3 Qd4 40. Qg4+ Kf6 41. Qh4+ Kg6 42. Qg4+ Kf6 43. Qf4+ Kg7 44. Kg4 Qd1+ 45. Kf5 Qd5+ 46. Kg4 Qd1+ 47. Kh4 Qxc2 48. Qe5+ Kf7 49. Qc7+ Ke6 50.
Qc6+ Ke5 51. Qc7+ Kd4 52. Qd6+ Kc3 53. Qxc5+ Kxb3 54. Qd5+ Qc4 55. Qd1+ Qc2 56. Qd5+ Qc4 57. Qd1+ Ka3 58. Qa1+ Kb3 59. Qd1+ 1/2-1/2

[Event "*** SCC Grand Prix: Titled Tuesday Blitz"]
[Site "Chess.com"]
[Date "2020.09.29"]
[Round "7"]
[White "Ermito2020"]
[Black "IANOV0007"]
[Result "1-0"]
[WhiteElo "2677"]
[BlackElo "2488"]
[TimeControl "180+1"]
[EndTime "11:16:36 PDT"]
[Termination "Ermito2020 won on time"]

1. e4 d6 2. d4 Nf6 3. Nc3 c6 4. f4 Qb6 5. Nf3 Bg4 6. h3 Bxf3 7. Qxf3 Qxd4 8. Be3 Qb4 9. O-O-O Nbd7 10. g4 g6 11. Bd4 Bg7 12. e5 Ng8 13. a3 Qa5 14. e6 Ndf6 15. exf7+ Kxf7 16. f5 gxf5 17. g5 Ne8 18.
Bc4+ Kf8 19. Rhf1 Bxd4 20. Rxd4 Ng7 21. Bd3 Ke8 22. Rb4 Qc7 23. Bxf5 d5 24. Rh4 Qe5 25. Bxh7 Qxg5+ 26. Kb1 Qxh4 27. Qf8+ Kd7 28. Qxa8 Qxh7 29. Qxb7+ Kd6 30. Qb8+ Kd7 31. Rf8 Ne6 32. Na4 Qxh3 33.
Rxg8 Rxg8 34. Qxg8 Qf1+ 35. Ka2 Qc4+ 36. b3 Qxc2+ 37.
Nb2 Nc5 38. Qg4+ Kc7 39. Qg3+ Kb6 40. a4 Ne4 41. Qe3+ c5 42. Ka3 Qb1 43. a5+ Kc6 44.
b4 Qa1+ 45. Kb3 c4+ 46. Kc2 Qa2 47. Qxa7 c3 48. Qb6+ Kd7 49. Qb7+ Ke6 50. Qc6+ Ke5 51. Qc7+ Kf5 52. Qc8+ 1-0